 Dungeon Crawl Stone Soup version 0.30-a0-135-g630cfc4551 (webtiles) character file.

Game seed: 1743726521157365989

192 LnG the Caller (level 6, 0/51 HPs)
             Began as a Kobold Summoner on Sept 21, 2022.
             Succumbed to pigah's ghost's poison
             ... on level 3 of the Dungeon.
             The game lasted 00:14:45 (3340 turns).

LnG the Caller (Kobold Summoner)                    Turns: 3340, Time: 00:14:45

Health: 0/51       AC: 27    Str:  5    XL:     6   Next: 2%
Magic:  9/11       EV:  3    Int: 19    God:
Gold:   88         SH:  0    Dex: 15    Spells: 3/12 levels left

rFire   + . .      SeeInvis .    c - +0 dagger
rCold   + . .      Faith    .    (no shield)
rNeg    . . .      Spirit   .    (body armour currently unavailable)
rPois   +          Reflect  .    (helmet currently unavailable)
rElec   +          Harm     .    (cloak currently unavailable)
rCorr   +          Rampage  .    (gloves currently unavailable)
Will    .....      NoTele   +    (boots currently unavailable)
Stlth   +++.......               (no amulet)
HPRegen 0.17/turn                k - +4 ring of protection
MPRegen 0.12/turn                (no ring)

@: lethally poisoned (0 -> -4), tree-form, resistant
A: stationary, stasis, torment immunity, boosted hp, small, no large weapons,
nightstalker 3
a: no special abilities


You were on level 3 of the Dungeon.
You were a tree.
You visited 1 branch of the dungeon, and saw 3 of its levels.

You collected 153 gold pieces.
You spent 65 gold pieces at shops.

Inventory:

Hand Weapons
 c - a +0 dagger (weapon)
Armour
 a - a +0 robe (melded)
Jewellery
 k - a +4 ring of protection (left branch)
Scrolls
 d - a scroll of enchant weapon
 e - a scroll of butterflies
 f - a scroll of magic mapping {unknown}
 h - a scroll of summoning {unknown}
 j - 3 scrolls of teleportation
 l - a scroll of brand weapon {unknown}
Potions
 b - 2 potions of magic


   Skills:
 + Level 1.0 Fighting
 + Level 1.9 Short Blades
 + Level 2.8 Dodging
 + Level 3.5 Stealth
 + Level 3.5 Spellcasting
 + Level 5.3 Summonings


You had 3 spell levels left.
You knew the following spells:

 Your Spells              Type           Power      Damage    Failure   Level
a - Summon Small Mammal   Summ           92%        N/A       1%          1
b - Call Imp              Summ           23%        N/A       2%          2
c - Call Canine Familiar  Summ           23%        N/A       4%          3
d - Summon Guardian Gole  Hex/Summ       13%        N/A       14%         3

Your spell library contained the following spells:

 Spells                   Type           Power      Damage    Failure   Level
 Portal Projectile        Hex/Tloc       6%         N/A       41%         3
 Tukima's Dance           Hex            3%         N/A       41%         3
 Summon Lightning Spire   Summ/Air       13%        N/A       43%         4
 Blade Hands              Tmut           1%         N/A       99%         5


Dungeon Overview and Level Annotations

Branches:
Dungeon (3/15)

Altars:

Shops:
D:3 ?

Annotations:
D:3 pigah's ghost, amateur OpAE


Innate Abilities, Weirdness & Mutations

You are a tree.
Your roots penetrate the ground, keeping you stationary.
You cannot be teleported.
You are immune to unholy pain and torment.
Your maximum health is greatly increased.
Your equipment is partially melded.
You are small and have problems with some larger weapons.
You are completely attuned to the shadows.


Message History

Pigah's ghost whispers, "The ORB doesn't exist."
Pigah's ghost closely misses you.
You hit pigah's ghost.
Pigah's ghost is severely damaged.
You feel sick.
Your hound barely misses pigah's ghost.
You barely miss pigah's ghost.
Pigah's ghost is severely damaged.
You feel sick.
Pigah's ghost waves its tentacles in wide circles.
The air twists around and strikes you!
* * * LOW HITPOINT WARNING * * *
Your hound splashes around in the water.
You closely miss pigah's ghost. Your punch misses pigah's ghost.
Pigah's ghost is severely damaged.
You feel sick.
Your hound splashes around in the water.
Pigah's ghost is surrounded by a shower of sparks.
Pigah's ghost mumbles some strange words.
Pigah's ghost puts on a burst of speed!
Your hound bites pigah's ghost.
You hit pigah's ghost but do no damage.
Pigah's ghost is severely damaged.
You feel sick. Pigah's ghost hits you.
* * * LOW HITPOINT WARNING * * *
You are more poisoned.
Your hound splashes around in the water.
It was a potion of lignification.
You turn into a tree.
Your +0 robe melds into your body.
Your roots penetrate the ground.
You feel sick.
Your hound barely misses pigah's ghost.
Pigah's ghost hits you but does no damage.
You closely miss pigah's ghost.
Pigah's ghost is severely damaged.
You feel sick.
Your hound splashes around in the water.
Pigah's ghost casts a spell at you. The zap hits you!
* * * LOW HITPOINT WARNING * * *
Your hound bites pigah's ghost but does no damage.
It was a potion of resistance.
You feel protected.
You die...

#.## #...# ## #.# #...# #.
#.#####...## #. ...........# ##.
...........# ### #.. ...........#
#####..###### #..
...........###..#.~#~##..# #..
####'##.÷.......#.8≈.##..# #..
#.##....##...♣W..!.#..# #..
#.......##...'h#~.##..# ###..
######.#..###..#....~#..# #....
#.^....#..# #..#..~###(.# #....
######..#..######.##≈ #..####....
#.......#..#....#######..'.......
#.####..#..#.#### #.....###...[.
#.#........#.##### #<....#...####
#.#.#............# #.....#####


You could see pigah's ghost (swift, distracted, ally target) and a friendly
hound (summoned).

Vanquished Creatures
  A hound (D:2)
  An adder (D:3)
  A dart slug (D:3)
  3 ball pythons
  2 endoplasms (D:2)
  A giant cockroach (D:1)
  A jackal (D:1)
  2 quokkas
  A bat (D:3)
  A goblin (D:2)
  A kobold (D:3)
15 creatures vanquished.

Vanquished Creatures (collateral kills)
  Natasha (twice) (D:3)
  3 adders
  A worm (D:2)
  A dart slug (D:3)
  An orc (D:3)
  4 bats
  5 endoplasms
  A giant cockroach (D:2)
  9 goblins
  9 jackals
  5 kobolds
  A quokka (D:3)
  3 ball pythons
  2 frilled lizards
  6 rats
53 creatures vanquished.

Grand Total: 68 creatures vanquished

Notes
Turn   | Place    | Note
-------+----------+-------------------------------------------
     0 | D:1      | LnG the Kobold Summoner began the quest for the Orb.
     0 | D:1      | Reached XP level 1. HP: 10/10 MP: 3/3
   298 | D:1      | Reached XP level 2. HP: 11/15 MP: 1/5
   364 | D:1      | Learned a level 2 spell: Call Imp
   836 | D:1      | Reached XP level 3. HP: 16/19 MP: 6/6
   840 | D:1      | Learned a level 3 spell: Call Canine Familiar
  1654 | D:2      | Reached skill level 1 in Short Blades
  1692 | D:2      | Identified the +2 helmet of Boipsim {Harm rPois rC++ Dex-2}
  1766 | D:2      | Reached XP level 4. HP: 24/24 MP: 8/8
  1836 | D:2      | Reached skill level 5 in Summonings
  1941 | D:2      | Found a faded altar of an unknown god.
  2205 | D:3      | Reached XP level 5. HP: 27/28 MP: 5/9
  2295 | D:3      | Noticed Natasha
  2300 | D:3      | Killed Natasha
  2364 | D:3      | Learned a level 3 spell: Summon Guardian Golem
  2781 | D:3      | Found Ipainose's Magic Scroll Boutique.
  2794 | D:3      | Bought a scroll of teleportation for 39 gold pieces
  2794 | D:3      | Bought a scroll of identify for 26 gold pieces
  2970 | D:3      | Noticed Natasha
  2984 | D:3      | Killed Natasha
  2985 | D:3      | Reached skill level 1 in Fighting
  3186 | D:3      | Reached XP level 6. HP: 34/34 MP: 7/11
  3304 | D:3      | Found a large runed translucent door.
  3304 | D:3      | Found a large runed translucent door.
  3326 | D:3      | Noticed pigah's ghost (amateur OpAE)
  3339 | D:3      | HP: 1/51 [pigah's ghost/zap (9)]
  3340 | D:3      | Succumbed to pigah's ghost's poison

Illustrated notes

Levels and vault maps discovered:
D:1:      mrwooster_arrival_statue, layout_loops_ring
D:2:      layout_basic, shapermc_ecumenical_altar_hornbeckon
D:3:      layout_basic, serial_curves, eino_curves_04, eino_curves_03,
          serial_shops, nicolae_shop_waterfront, ebering_ghost_disaster_area,
          kennysheep_generic_room_2, uniq_jessica, uniq_natasha

Skill      XL: |  1  2  3  4  5 |
---------------+----------------+-----
Short Blades   | 1 |  1.9
Spellcasting   | 3 |  3.5
Summonings     | 5 |  5.3
Stealth        | 3 |  3.5
Fighting       | 1 |  1.0
Dodging        | |  2.8

Action                   |  1- 3 |  4- 6 || total
-------------------------+-------+-------++-------
Melee: Dagger            |    31 |    72 ||   103
       Unarmed           |     3 |       ||     3
       Punch             |       |     1 ||     1
 Cast: Summon Small Mamm |    19 |     8 ||    27
       Call Imp          |     8 |       ||     8
       Call Canine Famil |     7 |    11 ||    18
  Use: Scroll            |       |     2 ||     2
       Potion            |       |     2 ||     2
 Stab: Sleeping          |       |     6 ||     6
Armor: Robe              |     9 |    18 ||    27
       Skin              |       |     1 ||     1
Dodge: Dodged            |    53 |    46 ||    99

Table legend: (Time is in decaauts)
 A = Elapsed time spent in this place.
 B = Non-inter-level travel time spent in this place.
 C = Inter-level travel time spent in this place.
 D = Time resting spent in this place.
 E = Time spent auto-exploring this place.
 F = Levels seen in this place.
 G = Mean time per level.
                   A        B        C        D        E       F      G
               +--------+--------+--------+--------+--------+-----+--------+
         Total |   3342 |   3299 |     43 |    529 |   1423 |   3 | 1114.0 |
       Dungeon |   3342 |   3299 |     43 |    529 |   1423 |   3 | 1114.0 |
               +--------+--------+--------+--------+--------+-----+--------+

Top non-repeatable levels by time:
     D:1: 1455 daAuts
     D:3: 1142 daAuts
     D:2: 744 daAuts
